 Dungeon Crawl Stone Soup version 0.31-a0-188-g5e087ee2ca (webtiles) character file.

Game seed: 7726279550844573593

46 qw the Shooter (level 3, -2/20 HPs)
             Began as a Deep Elf Hunter on June 23, 2023.
             Killed from afar by Terence (7 damage)
             ... with a puff of flame
             ... on level 2 of the Dungeon.
             The game lasted 00:00:25 (798 turns).

qw the Shooter (Deep Elf Hunter)                     Turns: 798, Time: 00:00:25

Health: -2/20      AC:  9    Str:  9    XL:     3   Next: 46%
Magic:  5/5        EV: 11    Int: 12    God:
Gold:   51         SH:  0    Dex: 24    Spells: 2/2 levels left

rFire   . . .        Y - +0 shortbow
rCold   . . .        (shield currently unavailable)
rNeg    . . .        d - quicksilver dragon scales
rPois   .            (no helmet)
rElec   .            (no cloak)
rCorr   .            (no gloves)
SInv    .            (no boots)
Will    +....        (no amulet)
Stlth   +++          (no ring)
HPRegen 0.23/turn    (no ring)
MPRegen 0.09/turn

%: no passive effects
@: about to teleport
A: thin skeletal structure 1, agile 1
a: no special abilities


You were on level 2 of the Dungeon.
You visited 1 branch of the dungeon, and saw 2 of its levels.

You collected 51 gold pieces.


Innate Abilities, Weirdness & Mutations

You have a somewhat thin skeletal structure. (Dex +2, Stealth+)
You are agile. (Dex +4, Str/Int -1)


   Skills:
 - Level 1.5 Fighting
 - Level 7.0 Ranged Weapons
 + Level 0.1 Armour
 - Level 2.4 Dodging
 - Level 1.2 Stealth


You had 2 spell levels left.
You didn't know any spells.
Your spell library was empty.

Inventory:

Hand Weapons
 Y - a +0 shortbow (weapon)
Armour
 d - quicksilver dragon scales (worn)
Scrolls
 a - a scroll of identify
Potions
 g - a potion of brilliance {unknown}
 i - a potion of mutation

Dungeon Overview and Level Annotations

Branches:
Dungeon (2/15)

Altars:

Annotations:
D:2 Terence


Message History

You shoot an arrow.
The arrow hits the bat but does no damage.
The bat is heavily wounded.
The bat hits you but does no damage.
You shoot an arrow. The arrow barely misses the bat.
The bat closely misses you. The bat hits you but does no damage.
The bat closely misses you.
You shoot an arrow. The arrow hits the bat!
You kill the bat!
Found a stone staircase leading down.
There is a stone staircase leading down here.
Found a robe.
Found 9 stones.
Found a stone staircase leading up and a stone staircase leading down.
Terence and a kobold come into view.
Terence is wielding a +0 falchion and carrying a wand of flame (22).
You see here a +0 robe.
You shoot an arrow. The arrow hits the kobold.
You kill the kobold!
You shoot an arrow. The arrow hits Terence!
Terence shouts!
Terence is heavily wounded.
You shoot an arrow. The arrow hits Terence.
Terence is severely wounded.
Terence zaps a wand.
The puff of flame misses you.
You shoot an arrow. The arrow barely misses Terence.
You shoot an arrow. The arrow barely misses Terence.
Terence zaps a wand.
The puff of flame hits you!
You shoot an arrow. The arrow hits Terence.
Terence is severely wounded.
You shoot an arrow. The arrow barely misses Terence.
Terence zaps a wand.
The puff of flame hits you!
797 ||| READING scroll of teleportation.
As you read the scroll of teleportation, it crumbles to dust.
You feel strangely unstable.
You shoot an arrow.
The arrow hits Terence but does no damage.
Terence is severely wounded.
Terence zaps a wand.
The puff of flame hits you!
You die...

### ..# ## #. #.# .
#.# #.#
#.#.########.####
#.#.##..........#####
#.........#...@.....#
###.##.##....##@###.#
#.##.#####.# )#
#....# #<# .#
#####.########.# .#
..............># .#
...............( ..
#..#..#########. ..
......# #


You could see Terence.

Vanquished Creatures
  A gnoll (D:1)
  A dart slug (D:1)
  3 bats
  2 endoplasms (D:1)
  A giant cockroach (D:1)
  3 goblins (D:1)
  3 hobgoblins (D:1)
  6 jackals (D:1)
  2 quokkas (D:1)
  A ball python (D:1)
  5 kobolds
  4 rats (D:1)
32 creatures vanquished.

Notes
Turn   | Place    | Note
-------+----------+-------------------------------------------
     0 | D:1      | qw the Deep Elf Hunter began the quest for the Orb.
     0 | D:1      | Reached XP level 1. HP: 12/12 MP: 3/3
     0 | D:1      | 0 ||| qw: Version: 0.3-a-9-g12657ce
     0 | D:1      | 0 ||| qw: Game counter: 4268
     0 | D:1      | 0 ||| qw: Always use a shield: true
     0 | D:1      | 0 ||| qw: God list: Okawaru
     0 | D:1      | 0 ||| qw: Allow faded altars: false
     0 | D:1      | 0 ||| qw: Do Orc after D:15 true
     0 | D:1      | 0 ||| qw: Do second Lair branch before Depths: true
     0 | D:1      | 0 ||| qw: Lair rune preference: random
     0 | D:1      | 0 ||| qw: Plans: Normal
     0 | D:1      | 0 ||| PLANNING D:1-11
    59 | D:1      | HP: 3/12 [gnoll/+0 club (2)]
    61 | D:1      | Reached skill level 6 in Ranged Weapons
    61 | D:1      | Reached XP level 2. HP: 5/16 MP: 4/4
    76 | D:1      | HP: 3/16 [giant cockroach (2)]
   111 | D:1      | HP: 4/16 [jackal (3)]
   115 | D:1      | HP: 1/16 [jackal (2)]
   358 | D:1      | Reached XP level 3. HP: 20/20 MP: 5/5
   625 | D:1      | Reached skill level 7 in Ranged Weapons
   626 | D:1      | 626 ||| UPGRADING to quicksilver dragon scales.
   636 | D:1      | 636 ||| DROPPING +0 leather armour.
   637 | D:1      | 637 ||| READING 2 scrolls labelled PIASAXZ SADIKH.
   638 | D:1      | 638 ||| READING scroll labelled BOCOSO CO OTUI.
   639 | D:1      | 639 ||| READING 2 scrolls labelled GEERPHAL IHYEGA.
   644 | D:1      | 644 ||| READING scroll labelled DOICUC CYOSM.
   645 | D:1      | 645 ||| DRINKING 2 lumpy yellow potions.
   645 | D:1      | Gained mutation: You have a somewhat thin skeletal
                  | structure. (Dex +2, Stealth+) [potion of mutation]
   645 | D:1      | Gained mutation: You are agile. (Dex +4, Str/Int -1)
                  | [potion of mutation]
   646 | D:1      | 646 ||| DROPPING scroll of butterflies.
   648 | D:1      | 648 ||| Stepping ~*~*~tactically~*~*~ (cloud).
   654 | D:1      | HP: 5/20 [poisoned by you (poison gas)]
   789 | D:2      | Noticed Terence
   796 | D:2      | HP: 5/20 [Terence/puff of flame (9)]
   797 | D:2      | 797 ||| READING scroll of teleportation.
   798 | D:2      | Killed from afar by Terence

Levels and vault maps discovered:
D:1:      minmay_arrival_loop, layout_basic, hex_intersection
D:2:      layout_loops_ring, uniq_terence

Skill      XL: |  1  2  3 |
---------------+----------+-----
Ranged Weapons | 6 7 |  7.0
Fighting       | |  1.5
Armour         | |  0.1
Dodging        | |  2.4
Stealth        | |  1.2

Action                     || total
---------------------------++-------
   Fire: Shortbow          ||    95
    Use: Scroll            ||     5
         Potion            ||     1
 Armour: Leather armour    ||     9
         Quicksilver drago ||     2
  Dodge: Dodged            ||    19

Table legend:
 A = Non-vault XP
 B = Vault XP
 C = Vault XP percentage of total XP
 D = Non-vault monster count
 E = Vault monster count
 F = Vault count percentage of total count
                 A         B        C        D         E       F
            +---------+---------+-------+---------+---------+-------
      Total |      67 |       0 |   0.0 |      32 |       0 |   0.0
            +---------+---------+-------+---------+---------+-------
        D:1 |      64 |       0 |   0.0 |      30 |       0 |   0.0
        D:2 |       3 |       0 |   0.0 |       2 |       0 |   0.0
            +---------+---------+-------+---------+---------+-------
